Map: Ruins of Seras

Players

Petraeus - Winner!

  • Race: Zerg Zerg
  • League: Grandmaster

PiG

  • Race: Zerg Zerg
  • League: Grandmaster

Event: 2016 WCS Winter Challenger Oceania SEA

VOD

Have the link to the VOD?

Description

Time

  • Played on: Feb. 13, 2016, 10:43 p.m.
  • Length: 9:46

All games in this series

Show
View Real Time Build Order
Export as new Build Order

Petraeus Zerg - Winner!

Build Orders: Pool First 

Get SALT Encoding   

  12  0:00  Drone  
  13  0:08  Drone  
  14  0:17  Overlord  
  14  0:22  Extractor  
  14  0:23  Drone  
  15  0:35  Drone x2  
  17  0:44  Extractor  
  17  0:47  Spawning Pool  
  15  0:52  Drone  
  15  0:55  Drone  
  17  1:17  Hatchery  
  16  1:21  Drone  
  17  1:33  Queen  
  17  1:38  Zergling x2  
  20  1:45  Metabolic Boost  
  20  1:48  Drone  
  21  1:55  Overlord  
  21  2:05  Baneling Nest  
  20  2:14  Queen  
  22  2:18  Drone  
  22  2:22  Drone  
  24  2:25  Drone  
  25  2:30  Drone  
  25  2:34  Drone  
  27  2:42  Zergling x6  
  30  2:46  Drone  
  31  2:52  Drone  
  31  2:54  Overlord  
  32  2:58  Drone  
  32  3:01  Baneling  
  32  3:02  Drone  
  34  3:07  Drone  
  34  3:12  Zergling x2  
  36  3:15  Drone x3  
  39  3:20  Drone  
  39  3:29  Zergling x2  
  39  3:33  Drone  
  40  3:35  Drone  
  40  3:37  Zergling x2  
  40  3:39  Roach Warren, Zergling x4  
  42  3:48  Zergling x2  
  43  3:50  Overlord  
  43  3:53  Zergling x2  
  43  3:54  Overlord  
  43  4:01  Hatchery  
  42  4:08  Overlord  
  42  4:14  Drone  
  42  4:15  Drone x3  
  46  4:20  Roach x2  
  50  4:26  Drone  
  50  4:27  Drone  
  50  4:28  Extractor  
  50  4:30  Evolution Chamber  
  50  4:31  Roach  
  50  4:32  Roach  
  54  4:39  Roach  
  54  4:47  Roach  
  54  4:48  Drone x3  
  54  4:50  Roach  
  58  4:55  Roach x3  
  58  4:59  Zerg Missile Weapons Level 1  
  66  5:00  Roach  
  66  5:02  Overlord  
  66  5:08  Overlord  
  66  5:16  Roach  
  66  5:18  Roach  
  66  5:19  Roach  
  66  5:20  Roach  
  74  5:24  Roach x2  
  74  5:25  Zergling x2  
  79  5:29  Zergling x4, Roach  
  79  5:34  Roach  
  84  5:40  Roach  
  83  5:48  Zergling x6  
  86  5:51  Queen  
  86  5:53  Overlord  
  86  5:54  Roach  
  90  5:59  Roach  
  90  6:01  Roach x2  
  90  6:02  Roach  
  87  6:06  Roach  
  87  6:07  Zergling x4  
  84  6:17  Zergling x2  
  78  6:19  Zergling x6  
  78  6:21  Zergling x2  
  80  6:27  Zergling x2  
  80  6:31  Drone x2  
  80  6:32  Drone  
  84  6:35  Lair  
  84  6:38  Drone  
  85  6:41  Drone  
  86  6:48  Overlord  
  86  6:51  Roach x2  
  90  6:55  Drone x3  
  90  6:57  Extractor  
  90  7:00  Roach x3  
  98  7:04  Overlord  
  96  7:21  Drone x2  
  96  7:22  Drone  
  98  7:24  Roach x3  
  98  7:25  Extractor  
  98  7:29  Roach x3  
  109  7:31  Overlord x2  
  106  7:38  Drone  
  106  7:39  Drone x2  
  106  7:40  Roach  
  106  7:41  Roach  
  106  7:43  Glial Reconstitution  
  111  7:44  Roach  
  111  7:50  Overlord  
  113  7:51  Roach x2  
  113  7:53  Roach x2  
  113  7:54  Roach  
  113  7:57  Drone  
  113  7:58  Drone x2  
  126  7:59  Overlord  
  126  8:01  Baneling x2  
  126  8:03  Roach  
  126  8:04  Roach  
  130  8:09  Overlord  
  130  8:10  Roach x2  
  130  8:12  Roach  
  136  8:16  Roach  
  138  8:23  Roach x2  
  138  8:25  Overlord  
  138  8:26  Roach x2  
  145  8:29  Overlord  
  145  8:33  Drone x2  
  147  8:35  Roach  
  147  8:36  Roach  
  147  8:39  Overlord  
  151  8:47  Roach  
  151  8:48  Roach  
  155  8:50  Overseer  
  155  8:52  Drone x2  
  155  8:53  Drone, Extractor  
  157  8:56  Roach  
  157  8:57  Roach  
  157  8:58  Zergling x2  
  157  9:01  Roach  
  157  9:02  Roach  
  166  9:04  Roach  
  166  9:09  Drone x2  
  170  9:10  Drone x2  
  170  9:12  Overlord  
  170  9:19  Roach x4  
  153  9:24  Ravager  
  153  9:25  Roach  
Show
View Real Time Build Order
Export as new Build Order

PiG Zerg 

Build Orders: Hatch First 

Get SALT Encoding   

  12  0:00  Drone  
  13  0:12  Overlord  
  13  0:17  Drone  
  14  0:31  Drone x2  
  14  0:35  Drone  
  17  0:53  Hatchery  
  17  0:55  Drone  
  17  0:59  Drone  
  18  1:07  Extractor  
  17  1:15  Spawning Pool  
  17  1:18  Drone  
  17  1:23  Drone  
  18  1:30  Drone  
  19  1:38  Overlord  
  19  1:51  Drone  
  20  2:01  Zergling x2  
  20  2:02  Queen  
  20  2:04  Queen  
  20  2:05  Zergling x2  
  26  2:13  Metabolic Boost  
  26  2:14  Drone  
  27  2:22  Drone x2  
  29  2:28  Drone  
  30  2:34  Drone, Roach Warren  
  30  2:40  Drone  
  31  2:52  Overlord  
  31  2:56  Drone x2  
  32  3:15  Roach x3  
  32  3:17  Roach  
  32  3:18  Drone x2  
  42  3:28  Drone x2  
  40  3:38  Drone x3  
  43  3:51  Drone  
  43  3:52  Overlord x2  
  43  4:09  Queen  
  43  4:10  Extractor  
  43  4:11  Drone x2  
  43  4:12  Drone  
  43  4:13  Overlord x3  
  47  4:19  Roach x2  
  47  4:21  Roach x2  
  55  4:35  Hatchery  
  55  4:37  Zergling x4  
  56  4:43  Roach  
  56  4:44  Roach  
  60  4:51  Roach x3  
  66  5:00  Baneling Nest  
  66  5:01  Zergling x6  
  68  5:13  Zergling x6  
  72  5:21  Zergling x8  
  75  5:39  Drone x5  
  75  5:42  Evolution Chamber  
  74  5:50  Roach x6  
  86  6:03  Drone x3  
  77  6:09  Roach x5  
  73  6:21  Roach x3  
  73  6:23  Zerg Missile Weapons Level 1  
  71  6:29  Roach x3  
  77  6:34  Roach x2  
  77  6:39  Roach x2  
  85  6:44  Roach x2  
  89  6:53  Overlord x3  
  88  7:25  Roach x6  
  100  7:34  Roach  
  100  7:35  Roach x2  
  106  7:45  Overlord x4  
  106  8:03  Overlord x2  
  106  8:05  Drone x7  
  113  8:07  Lair, Extractor  
  113  8:12  Drone x2  
  114  8:13  Queen  
  116  8:25  Drone x7  
  120  8:38  Drone x2  
  120  8:39  Drone, Extractor  
  123  8:41  Drone  
  123  8:43  Drone x2  
  123  8:44  Drone  
  123  8:45  Extractor  
  123  8:46  Overlord  
  123  8:47  Roach x2  
  129  8:54  Roach x2  
  135  8:55  Ravager x2  
  135  8:58  Roach  
  135  9:01  Roach  
  139  9:05  Roach x3  
  147  9:17  Roach x5  
  147  9:21  Roach x2  
  123  9:24  Roach x2  
Tags
 
Add a new tag
Caveats
  • Supply blocks, unpowered buildings, or Contaminate may cause inaccurate times.
  • Supply counts are checked every 10 seconds.